 Dungeon Crawl Stone Soup version 0.18.1-48-g4cf74bf (webtiles) character file.

38 Kirk the Magician (level 3, 0/21 HPs)
             Began as an Octopode Wizard on Aug 23, 2016.
             Hit by a stone thrown by a gnoll (5 damage)
             ... on level 2 of the Dungeon.
             The game lasted 00:05:24 (2432 turns).

Kirk the Magician (Octopode Wizard)                 Turns: 2432, Time: 00:05:24

Health: 0/21       AC:  1    Str:  6    XL:     3   Next: 43%
Magic:  5/8        EV: 12    Int: 21    God:
Gold:   65         SH:  0    Dex: 10    Spells: 4 memorised, 0 levels left

rFire  . . .     SeeInvis .     e - +0 dagger
rCold  . . .     Gourm    .     (no shield)
rNeg   . . .     Faith    .     a - +0 hat
rPois  .         Spirit   .     (no amulet)
rElec  .         Dismiss  .     (no ring)
rCorr  .         Reflect  .     (no ring)
SustAt .         Harm     .     (no ring)
MR     .....                    (no ring)
Stlth  +++.......               (no ring)
                                (no ring)
                                (no ring)
                                (no ring)

@: very slightly contaminated, not resistant to hostile enchantments, fairly
stealthy
A: almost no armour, amphibious, 8 rings, constrict 8, camouflage 1, gelatinous
body 1
a: no special abilities


You were on level 2 of the Dungeon.
You were not hungry.

You visited 1 branch of the dungeon, and saw 2 of its levels.

You collected 65 gold pieces.

Inventory:

Hand Weapons
 e - a +0 dagger (weapon)
Missiles
 i - 28 poisoned needles
 m - a throwing net (quivered)
Armour
 a - a +0 hat (worn)
Scrolls
 d - 3 scrolls of remove curse
 g - 2 scrolls of identify
 h - a scroll of noise {unknown}
 j - 2 scrolls of blinking
 l - a scroll of immolation {unknown}
 o - a scroll of recharging {unknown}
Potions
 k - 2 potions of berserk rage
Books
 b - a book of Minor Magic

   Spells                             Type                      Level
   a - Magic Dart                     Conjuration                  1
   b - Blink                          Translocation                2
   c - Call Imp                       Summoning                    2
   d - Repel Missiles                 Charms/Air                   2
   e - Slow                           Hexes                        2
   f - Conjure Flame                  Conjuration/Fire             3
   g - Mephitic Cloud                 Conjuration/Poison/Air       3
Comestibles
 c - a bread ration
 f - 2 slices of pizza


   Skills:
 - Level 2.0 Dodging
 - Level 2.6 Stealth
 + Level 3.9 Spellcasting
 * Level 1.7 Conjurations
   Level 1.0 Summonings
 + Level 1.0 Translocations
 + Level 0.2 Air Magic


You couldn't memorise any spells.
You knew the following spells:

 Your Spells              Type           Power        Failure   Level  Hunger
a - Magic Dart            Conj           ##..         8%          1    None
b - Blink                 Tloc           N/A          14%         2    #......
c - Conjure Flame         Conj/Fire      #.......     30%         3    ###....
d - Mephitic Cloud        Conj/Pois/Air  #.......     30%         3    ###....


Dungeon Overview and Level Annotations

Branches:
Dungeon (2/15)

Altars:
Fedhas
Nemelex Xobeh


Innate Abilities, Weirdness & Mutations

You cannot wear most types of armour.
You are amphibious.
You can wear up to eight rings at the same time.
You can use your tentacles to constrict eight enemies at once.
Your skin changes colour to match your surroundings (Stealth).
Your rubbery body absorbs attacks (AC +1).


Message History

Aiming: Magic Dart
Press: ? - help, Shift-Dir - straight line, f/p - gnoll
Aim: a gnoll, wielding a whip (lightly wounded)
The magic dart hits the gnoll.
The gnoll is moderately wounded.
The gnoll shouts!
The gnoll throws a stone.
The stone hits you!
* * * LOW HITPOINT WARNING * * *
Casting: Magic Dart
Confirm with . or Enter, or press ? or * to list all spells.
Aiming: Magic Dart
Press: ? - help, Shift-Dir - straight line, f/p - gnoll
Aim: a gnoll, wielding a whip (lightly wounded)
You miscast Magic Dart.
You are very lightly contaminated with residual magic.
Your skin tingles.
The gnoll throws a stone.
The stone hits you.
* * * LOW HITPOINT WARNING * * *
Unknown command.
The gnoll throws a stone.
The stone hits you.
You die...

##.##
#.######.####.###
#...## #.# #.# #...#
#....# #.# #.# #...#
#....#
#.######.###...##
####.#
#.#.............. #.#
#.#.####......... #.#
#.#.# #.........
#.####.#.## #>###...##
#.#..@...g###.###...##
#.#<#####(..gg........
#.#.# #..##.........
#.#[# #...>.##.#.###
#.#.# #..##.##.#.#
#.#.#####..##.##.#.#
#.#....(...##.##.#.#
#.............##.#.#
#.#.##.............#


You could see 2 gnolls.

Vanquished Creatures
  2 worms (D:2)
  2 giant geckos (D:1)
  A ball python (D:1)
  2 bats (D:1)
  A giant cockroach (D:2)
  4 hobgoblins (D:1)
  4 jackals (D:2)
  2 kobolds (D:2)
  2 giant newts
  4 goblins
  5 rats
29 creatures vanquished.

Notes
Turn   | Place    | Note
--------------------------------------------------------------
     0 | D:1      | Kirk the Octopode Wizard began the quest for the Orb.
     0 | D:1      | Reached XP level 1. HP: 11/11 MP: 4/4
   542 | D:1      | Reached XP level 2. HP: 8/17 MP: 1/6
  1324 | D:2      | Found a sparkling altar of Nemelex Xobeh.
  1337 | D:2      | Reached XP level 3. HP: 17/21 MP: 6/8
  1414 | D:2      | Learned a level 2 spell: Blink
  1418 | D:2      | Learned a level 3 spell: Conjure Flame
  1422 | D:2      | Learned a level 3 spell: Mephitic Cloud
  1564 | D:2      | Found a blossoming altar of Fedhas.
  2432 | D:2      | Hit by a stone thrown by a gnoll

Action                   || total
-------------------------++-------
Melee: Unarmed           ||    14
       Constrict         ||    15
       Tentacles         ||     6
       Dagger            ||    37
 Cast: Magic Dart        ||    50
       Mephitic Cloud    ||     3
       Conjure Flame     ||     2
  Use: Scroll            ||     4
 Stab: Sleeping          ||     1
       Confused          ||     2
  Eat: Chunk             ||     1
       Bread ration      ||     1
Armor: Skin              ||     6
Dodge: Dodged            ||    39
